 Dungeon Crawl Stone Soup version 0.29-a0-294-g83ea962da3 (webtiles) character file.

Game seed: 8655654524727886916

121 Dabor the Sneak (level 5, 0/29 HPs)
             Began as a Kobold Enchanter on Mar 18, 2022.
             Slain by a gnoll
             ... wielding a +0 whip
              (8 damage)
             ... on level 3 of the Dungeon.
             The game lasted 00:07:03 (3674 turns).

Dabor the Sneak (Kobold Enchanter)                  Turns: 3674, Time: 00:07:04

Health: 0/29       AC:  0    Str:  6      XL:     5   Next: 26%
Magic:  0/8        EV: 15    Int: 15 (16) God:
Gold:   113        SH:  4    Dex: 17      Spells: 7/9 levels left

rFire   . . .      SeeInvis .   a - +1 dagger
rCold   . . .      Faith    .   q - +0 buckler
rNeg    . . .      Spirit   .   (no body armour)
rPois   .          Reflect  .   (no helmet)
rElec   .          Harm     .   (no cloak)
rCorr   +          Rampage  .   (no gloves)
Will    .....                   (no boots)
Stlth   ++++......              (no amulet)
HPRegen 0.09/turn               u - ring of resist corrosion
MPRegen 0.11/turn               (no ring)

@: no status effects
A: small, no large weapons, nightstalker 3
a: no special abilities


You were on level 3 of the Dungeon.
You visited 1 branch of the dungeon, and saw 3 of its levels.

You collected 113 gold pieces.

Inventory:

Hand Weapons
 a - a +1 dagger (weapon)
Armour
 b - a +0 robe
 l - an orb of energy
 q - a +0 buckler (worn)
 t - a +2 scale mail of fire resistance
Jewellery
 u - a ring of resist corrosion (left hand)
 v - an amulet of guardian spirit
Scrolls
 d - a scroll of enchant weapon
 e - a scroll of fog {unknown}
 f - a scroll of immolation {unknown}
 i - a scroll of identify
 n - a scroll of silence {unknown}
 p - a scroll of vulnerability {unknown}
 r - a scroll of teleportation {unknown}
Potions
 c - a potion of invisibility
 g - a potion of magic {unknown}
 h - a potion of curing
 j - a potion of mutation {unknown}
 k - a potion of haste {unknown}
 m - a potion of lignification {unknown}
 o - 3 potions of heal wounds {unknown}
 s - a potion of brilliance {unknown}


   Skills:
 + Level 1.1 Fighting
 + Level 2.3 Short Blades
 + Level 3.2 Dodging
 * Level 5.3 Stealth
 + Level 2.6 Spellcasting
 + Level 3.4 Hexes
 + Level 1.0 Ice Magic
 + Level 1.0 Evocations


You had 7 spell levels left.
You knew the following spells:

 Your Spells              Type           Power      Damage    Failure   Level
a - Ensorcelled Hibernat  Hex/Ice        16%        N/A       21%         2

Your spell library contained the following spells:

 Spells                   Type           Power      Damage    Failure   Level
 Freeze                   Ice            16%        1d4       22%         1
 Confusing Touch          Hex            12%        N/A       24%         3
 Tukima's Dance           Hex            12%        N/A       24%         3
 Animate Skeleton         Necr           2%         N/A       32%         1
 Apportation              Tloc           2%         N/A       32%         1
 Dazzling Flash           Conj/Hex       14%        N/A       43%         3
 Gell's Gravitas          Tloc           1%         N/A       69%         3
 Lesser Beckoning         Tloc           1%         N/A       69%         3
 Teleport Other           Tloc           1%         N/A       69%         3


Dungeon Overview and Level Annotations

Branches:
Dungeon (3/15)

Altars:
Sif Muna

Shops:
D:1 (

Annotations:
D:3 Ijyb


Innate Abilities, Weirdness & Mutations

You are small and have problems with some larger weapons.
You are completely attuned to the shadows.


Message History

Press: ? - help, Shift-Dir - straight line, f - gnoll
Aim: a gnoll, wielding a +0 whip (chance to affect: 50%)
You feel a surge of divine spite.
You miscast Ensorcelled Hibernation.
Frost covers your body.
You feel sick. The gnoll hits you with a +0 whip!
* * * LOW HITPOINT WARNING * * *
Casting: Ensorcelled Hibernation (safe; 21% risk of failure)
Confirm with . or Enter, or press ? or * to list all spells.
You don't have enough magic to cast this spell.
You feel better. The gnoll misses you.
As you read the scroll labelled XEACUTU XUWI, it crumbles to dust.
It is a scroll of identify.
d - a scroll of enchant weapon The gnoll misses you.
The gnoll attacks as you move away! The gnoll barely misses you.
The gnoll attacks as you move away! The gnoll hits you with a +0 whip.
* * * LOW HITPOINT WARNING * * *
Your magical contamination has completely faded away.
Casting: Ensorcelled Hibernation (safe; 21% risk of failure)
Confirm with . or Enter, or press ? or * to list all spells.
Aiming: Ensorcelled Hibernation (safe; 21% risk of failure)
Press: ? - help, Shift-Dir - straight line, f/p - gnoll
Aim: a gnoll, wielding a +0 whip (chance to affect: 50%)
The gnoll resists with some effort.
The gnoll barely misses you.
You hit the gnoll.
The gnoll is lightly wounded.
The gnoll closely misses you.
You hit the gnoll but do no damage.
The gnoll is lightly wounded.
The gnoll misses you.
You hit the gnoll.
The gnoll is moderately wounded.
You block the gnoll's attack.
You hit the gnoll.
The gnoll is moderately wounded.
The gnoll completely misses you.
You hit the gnoll.
The gnoll is severely wounded.
The gnoll hits you with a +0 whip!
You die...

#...##..............######.......
8...8#.....####.##### #.....#.
#...##.....# ##.## #.....#.
#...##.....# #...# #.....#.
#...##...†.###...## ##....##.
8...8#.....##8...8# #.....###
#...##.....###...## #.######.
....#......###...# #.#...#..
............##..@## #.#.#.#..
.#..#.......#8..g8# #.#.#.#..
....#.########...#### ###...#.#..
###.#.#8###8##...##8###8#...#.#..
..#.#.......................#....
#.#.#.......................#####
#.#.#............†.........##
#.#.#.#8###8##...##8###8#..#
#.....### ####...########..#


You could see a gnoll.

Vanquished Creatures
  A hound (D:2)
  3 adders (D:3)
  A worm (D:3)
  A dart slug (D:1)
  7 endoplasms
  4 giant cockroaches
  4 hobgoblins
  5 quokkas
  6 ball pythons
  2 bats (D:1)
  3 frilled lizards
  8 goblins
  5 kobolds
  5 rats
55 creatures vanquished.

Notes
Turn   | Place    | Note
-------+----------+-------------------------------------------
     0 | D:1      | Dabor the Kobold Enchanter began the quest for the Orb.
     0 | D:1      | Reached XP level 1. HP: 10/10 MP: 3/3
   180 | D:1      | Found Rosofus's Weapon Boutique.
   236 | D:1      | Reached XP level 2. HP: 15/15 MP: 5/5
   782 | D:1      | Got An Introduction to Thaumaturgy
   896 | D:1      | Reached XP level 3. HP: 14/20 MP: 6/6
   986 | D:1      | Found a faded altar of an unknown god.
   991 | D:1      | Prayed at the altar of an unknown god.
   991 | D:1      | Became a worshipper of Sif Muna the Loreminder
   991 | D:1      | Reached * piety under Sif Muna
   992 | D:1      | Fell from the grace of Sif Muna
  1027 | D:1      | Learned a level 2 spell: Ensorcelled Hibernation
  2607 | D:3      | Noticed Ijyb
  2789 | D:3      | Reached XP level 4. HP: 24/24 MP: 7/7
  2891 | D:3      | Reached skill level 5 in Stealth
  3145 | D:2      | Reached skill level 1 in Fighting
  3145 | D:2      | Reached XP level 5. HP: 9/29 MP: 0/8
  3574 | D:3      | Found a shimmering blue altar of Sif Muna.
  3653 | D:3      | Reached skill level 1 in Ice Magic
  3653 | D:3      | Reached skill level 1 in Evocations
  3674 | D:3      | Slain by a gnoll

Illustrated notes

Levels and vault maps discovered:
D:1:      evilmike_arrival_plus, layout_basic, serial_shops,
          nicolae_shop_crystal, hellmonk_ecumenical_altar_lost_god
D:2:      layout_loops_ring
D:3:      layout_basic, mainiacjoe_overflow_alcove_4, serial_corexii_hall,
          corexii_hall_statues_x, chequers_hall_statues_y,
          corexii_hall_statues_i, chequers_hall_statues_corner_a, uniq_ijyb,
          uniq_terence

Skill      XL: |  1  2  3  4  5 |
---------------+----------------+-----
Short Blades   | 2 |  2.3
Stealth        | 5 |  5.3
Dodging        | 3 |  3.2
Fighting       | 1 |  1.1
Ice Magic      | 1 |  1.0
Evocations     | 1 |  1.0
Spellcasting   | |  2.6
Hexes          | |  3.4

Action                   |  1- 3 |  4- 6 || total
-------------------------+-------+-------++-------
Melee: Dagger            |    97 |    42 ||   139
 Cast: Ensorcelled Hiber |     4 |     9 ||    13
Invok: Renounce Religion |     1 |       ||     1
  Use: Potion            |     1 |     3 ||     4
       Scroll            |       |     1 ||     1
 Stab: Sleeping          |    25 |    10 ||    35
       Invisible         |       |     1 ||     1
Armor: Robe              |    10 |       ||    10
       Scale mail        |       |     4 ||     4
Dodge: Dodged            |    51 |    27 ||    78
Block: Buckler           |     3 |     6 ||     9

Table legend: (Time is in decaauts)
 A = Elapsed time spent in this place.
 B = Non-inter-level travel time spent in this place.
 C = Inter-level travel time spent in this place.
 D = Time resting spent in this place.
 E = Time spent auto-exploring this place.
 F = Levels seen in this place.
 G = Mean time per level.
                   A        B        C        D        E       F      G
               +--------+--------+--------+--------+--------+-----+--------+
         Total |   3666 |   3545 |    121 |    971 |   2089 |   3 | 1222.0 |
       Dungeon |   3666 |   3545 |    121 |    971 |   2089 |   3 | 1222.0 |
               +--------+--------+--------+--------+--------+-----+--------+

Top non-repeatable levels by time:
     D:1: 1490 daAuts
     D:2: 1275 daAuts
     D:3: 900 daAuts
